 Dungeon Crawl Stone Soup version 0.29.1-15-g9cfb28693d (webtiles) character file.

Game seed: 3757481943713804189

97555 promet the Thaumaturge (level 15, -16/74 HPs)
             Began as a Spriggan Conjurer on Mar 4, 2023.
             Was a High Priest of Nemelex Xobeh.
             Killed from afar by a deep elf zephyrmancer (33 damage)
             ... with a bolt of lightning
             ... on level 1 of the Elven Halls on Mar 5, 2023.
             The game lasted 07:05:47 (69648 turns).

promet the Thaumaturge (Spriggan Conjurer)         Turns: 69648, Time: 07:05:47

Health: -16/74     AC: 15    Str:  7    XL:     15   Next: 72%
Magic:  22/33      EV: 27    Int: 23    God:    Nemelex Xobeh [*****.]
Gold:   1202       SH:  0    Dex: 20    Spells: 5/41 levels left

rFire   + . .      SeeInvis +   a - +8 demon trident "Zozoucw" {venom, rF+ Stlth+}
rCold   . . .      Faith    .   (shield currently unavailable)
rNeg    . . .      Spirit   .   p - +3 acid dragon scales
rPois   +          Reflect  .   (helmet restricted)
rElec   .          Harm     .   r - +0 cloak "Xeuqol" {rPois Dex+6}
rCorr   +          Rampage  .   (gloves unavailable)
Will    ++...                   (boots unavailable)
Stlth   ++++++....              u - amulet of the acrobat
HPRegen 0.22/turn               i - +4 ring of evasion
MPRegen 0.23/turn               x - +4 ring of protection

@: very quick
A: very small, no large weapons, unfitting armour, see invisible, speed 3,
hooves 1, screaming 1
a: Renounce Religion, Draw Escape, Draw Destruction, Draw Summoning, Triple
Draw, Deal Four, Stack Five


You were on level 1 of the Elven Halls.
You worshipped Nemelex Xobeh.
Nemelex Xobeh was extremely pleased with you.
You visited 5 branches of the dungeon, and saw 23 of its levels.

You collected 2339 gold pieces.
You spent 1137 gold pieces at shops.

Inventory:

Hand Weapons
 a - the +8 demon trident "Zozoucw" (weapon) {venom, rF+ Stlth+}
   (You acquired it on level 3 of the Lair of Beasts)

   It poisons the flesh of those it strikes.
   rF:        It protects you from fire.
   Stlth:     It makes you more stealthy.
 b - a +0 vorpal arbalest
 c - a +1 vampiric short sword
 f - a +0 long sword of flaming
 j - a +2 long sword of holy wrath
 L - a +2 war axe of venom
 N - the +7 sling of Wuittowi {venom, rCorr Str+2 Int-5 Stlth+}
   (You found it on level 1 of the Swamp)

   Any ammunition fired from it poisons the flesh of those it strikes.
   Str:       It affects your strength (+2).
   Int:       It affects your intelligence (-5).
   rCorr:     It protects you from acid and corrosion.
   Stlth:     It makes you more stealthy.
Missiles
 v - 41 poisoned darts
 z - 6 curare-tipped darts
 B - 3 atropa-tipped darts
 H - 4 boomerangs (quivered)
 P - 13 javelins
Armour
 g - the +1 robe of the Sunfish {rElec MP-9 Slay+5}
   (You found it on level 2 of the Dungeon)

   Slay:      It affects your accuracy & damage with ranged weapons and melee
   (+5).
   rElec:     It insulates you from electricity.
   MP:        It affects your magic capacity (-9).
 p - +3 acid dragon scales (worn)
 r - the +0 cloak "Xeuqol" (worn) {rPois Dex+6}
   (You acquired it on level 7 of the Dungeon)

   Dex:       It affects your dexterity (+6).
   rPois:     It protects you from poison.
 M - a +1 robe of willpower
Magical Staves
 m - a staff of death
 J - a staff of fire
 V - a staff of conjuration
Jewellery
 d - an amulet of faith
 i - a +4 ring of evasion (left hand)
 l - a +4 ring of slaying
 n - an amulet of guardian spirit
 u - an amulet of the acrobat (around neck)
 x - a +4 ring of protection (right hand)
 D - a ring of positive energy
 O - a ring of fire
 Q - a +6 ring of dexterity
 T - a ring of protection from fire
 U - a +6 ring of strength
Wands
 e - a wand of charming (13)
 h - a wand of light (6)
 k - a wand of polymorph (9)
 y - a wand of flame (5)
 F - a wand of iceblast (9)
 Z - a wand of digging (2)
Scrolls
 q - 5 scrolls of teleportation
 s - 2 scrolls of amnesia
 A - 2 scrolls of magic mapping
 K - 5 scrolls of poison
 R - 3 scrolls of butterflies
Potions
 o - a potion of heal wounds
 t - 7 potions of curing
 w - 3 potions of magic
 C - a potion of brilliance
 E - 4 potions of lignification
 G - a potion of invisibility
 X - 2 potions of might
 Y - a potion of flight
Miscellaneous
 I - a piece from Xom's chessboard (15/15)


   Skills:
 + Level 6.4 Fighting
 + Level 3.7(3.8) Short Blades
 + Level 0.4(1.8) Long Blades
 + Level 0.2(5.0) Axes
 + Level 7.3(8.1) Polearms
 + Level 5.0(6.9) Staves
 + Level 8.4 Ranged Weapons
 + Level 2.4 Throwing
 + Level 4.9 Armour
 + Level 10.6 Dodging
 + Level 10.6 Stealth
 + Level 13.6 Spellcasting
 + Level 8.3 Conjurations
 + Level 8.2 Hexes
 * Level 2.6 Summonings
 + Level 7.8 Translocations
 + Level 6.5 Air Magic
 * Level 3.8 Invocations
 + Level 7.0 Evocations


You had 5 spell levels left.
You knew the following spells:

 Your Spells              Type           Power      Damage    Failure   Level
a - Magic Dart            Conj           100%       1d8       1%          1
b - Searing Ray           Conj           100%       2d8       1%          2
c - Dazzling Flash        Conj/Hex       100%       N/A       1%          3
d - Slow                  Hex            100%       N/A       1%          1
e - Static Discharge      Conj/Air       50%        3-10/arc  1%          2
f - Fulminant Prism       Conj/Hex       26%        3d14      2%          4
g - Iskenderun's Mystic   Conj/Tloc      52%        2d11      2%          4
h - Gell's Gravitas       Tloc           51%        N/A       1%          3
i - Teleport Other        Tloc           51%        N/A       1%          3
j - Tukima's Dance        Hex            52%        N/A       1%          3
k - Portal Projectile     Hex/Tloc       100%       N/A       1%          3
l - Summon Guardian Gole  Hex/Summ       40%        N/A       2%          3
m - Airstrike             Air            22%        2d(4-20)  4%          4

Your spell library contained the following spells:

 Spells                   Type           Power      Damage    Failure   Level
 Ensorcelled Hibernation  Hex/Ice        68%        N/A       1%          2
 Confusing Touch          Hex            52%        N/A       1%          3
 Mephitic Cloud           Conj/Pois/Air  38%        N/A       2%          3
 Call Imp                 Summ           27%        N/A       3%          2
 Freeze                   Ice            60%        1d8       7%          1
 Lightning Bolt           Conj/Air       25%        1d41      9%          5
 Summon Lightning Spire   Summ/Air       36%        N/A       11%         4
 Anguish                  Hex/Necr       17%        N/A       12%         4
 Hailstorm                Conj/Ice       34%        3d9       12%         4
 Sticky Flame             Conj/Fire      34%        2d5       12%         4
 Frozen Ramparts          Ice            30%        1d5       21%         3
 Spider Form              Tmut/Pois      15%        N/A       21%         3
 Vampiric Draining        Necr           15%        2d7       21%         3
 Dispel Undead            Necr           15%        3d10      54%         4
 Alistair's Intoxication  Tmut/Pois      10%        N/A       88%         5
 Blade Hands              Tmut           7%         N/A       88%         5
 Borgnjor's Vile Clutch   Necr/Erth      7%         N/A       88%         5
 Dispersal                Tloc           25%        N/A       38%         6
 Orb of Destruction       Conj           26%        9d9       88%         7
 Spellforged Servitor     Conj/Summ      20%        N/A       99%         7
 Eringya's Noxious Bog    Tmut/Pois      7%         N/A       100%        6


Dungeon Overview and Level Annotations

Branches:
Dungeon (14/15)            Temple (0/1) D:6            Lair (5/5) D:8
  Swamp (1/4) Lair:3       Spider (0/4) Lair:2        Slime (0/5) Lair:5
    Orc (2/2) D:9             Elf (1/3) Orc:2        Vaults (0/5) D:14

Altars:
Dithmenos
Fedhas
Hepliaklqana
Makhleb
Nemelex Xobeh
Qazlal
Sif Muna
Trog
Wu Jian
The Shining One

Shops:
D:6 *   D:7 *   D:11 :   Orc:2 [=*(:   Elf:1 :

Portals:
Hell: Lair:5

Annotations:
D:5 Blork the orc
Lair:2 1 runed translucent door, scisormetimb3rs's ghost, journeyman GrFi


Innate Abilities, Weirdness & Mutations

You are very small and have problems with some larger weapons.
You are too small for most types of armour.
You have supernaturally acute eyesight. (SInv)
You cover ground extremely quickly. (Speed+++)
You have large cloven feet.
You occasionally shout uncontrollably at your foes.


Message History

Press: ? - help, Shift-Dir - straight line, f/p - deep elf zephyrmancer
Aim: a deep elf zephyrmancer, wielding a +0 rapier and wearing a +0 scale mail (heavily wounded, ally target, 100% to hit)
The magic dart hits the deep elf zephyrmancer but does no damage.
The deep elf zephyrmancer is heavily wounded.
The deep elf zephyrmancer gestures at you while chanting.
The bolt of lightning misses you.
Casting: Magic Dart (safe; 1% risk of failure)
Confirm with . or Enter, or press ? or * to list all spells.
Aiming: Magic Dart (safe; 1% risk of failure)
Press: ? - help, Shift-Dir - straight line, f/p - deep elf zephyrmancer
Aim: a deep elf zephyrmancer, wielding a +0 rapier and wearing a +0 scale mail (heavily wounded, ally target, 100% to hit)
The magic dart hits the deep elf zephyrmancer but does no damage.
The deep elf zephyrmancer is heavily wounded.
You reach to attack!
You puncture the deep elf zephyrmancer!
The deep elf zephyrmancer is poisoned.
The deep elf zephyrmancer is severely wounded.
The deep elf zephyrmancer points at you and mumbles some strange words.
The bolt of lightning hits you!!
* * * LOW HITPOINT WARNING * * *
Casting: Magic Dart (safe; 1% risk of failure)
Confirm with . or Enter, or press ? or * to list all spells.
Really blast near your guardian golem? [Y]es or [N]o only, please.
Really blast near your guardian golem? [Y]es or [N]o only, please.
Really blast near your guardian golem?
Okay, then.
You are too injured to fight recklessly!
Casting: Iskenderun's Mystic Blast (dangerous; 2% risk of failure)
Confirm with . or Enter, or press ? or * to list all spells.
Aiming: Searing Ray (safe; 1% risk of failure)
Press: ? - help, Shift-Dir - straight line, f/p - deep elf zephyrmancer
Aim: a deep elf zephyrmancer, wielding a +0 rapier and wearing a +0 scale mail (severely wounded, very poisoned, ally target, 79% to hit)
The searing ray hits the deep elf zephyrmancer!
The deep elf zephyrmancer is almost dead. (Press . to maintain the ray.)
The deep elf zephyrmancer casts a spell at you.
The bolt of lightning hits you!!
You die...
Your body glows with a rainbow of weird colours and disappears.

#...# #.# #.####.####.#### #...#
#.# #.# #.# #.# ####...#####.#
#.# #.## #.# .............# #.#
#..# #.#
....#######..#####.#####.#####
.##.#######..........##...#
###.........))9.......##.##
##.#########e..#.####### ##.#
##...@..# #e.# #......)# ..'*##
#.......#### ..### #..........#
⌠. ##.....###.# . #########
##...####.### ###.......#
##..###.....#
.########.###.#.###.....##
.............###.#.......########


You could see a deep elf zephyrmancer (very poisoned, ally target) and a
friendly guardian golem (summoned).

Vanquished Creatures
  Rupert (Lair:4)
  Kirke (Lair:4)
  An orc warlord (Orc:2)
  2 eleionomae (Lair:3)
  A bunyip (Lair:1)
  Snorg (D:12)
  A deep elf death mage (Elf:1)
  2 vault guards (D:14)
  Harold (Orc:1)
  15 hydras
  Fannar (D:12)
  Erolcha (D:10)
  2 catoblepae
  A ghost crab (Lair:3)
  A centaur warrior (D:14)
  2 boulder beetles
  3 two-headed ogres
  A death yak (Lair:5)
  2 dancing weapons
  2 alligators
  Urug (D:10)
  An orc high priest (Orc:2)
  A sun demon (Lair:5)
  3 deep elf knights
  A fire crab (Lair:4)
  A goliath frog (Swamp:1)
  Amaemon (Lair:3)
  5 skeletal warriors
  A deep troll (D:14)
  A spriggan druid (Swamp:1)
  2 bog bodies (Swamp:1)
  A swamp dragon (Swamp:1)
  2 deep elf archers (Elf:1)
  2 orc knights (Orc:2)
  3 wizards
  11 deep elf pyromancers
  4 deep elf zephyrmancers (Elf:1)
  3 necromancers (Elf:1)
  3 cyclopes
  4 will-o-the-wisps (Swamp:1)
  A wolf spider (Lair:2)
  10 elephants
  2 orc sorcerers
  2 ugly things
  4 black mambas
  2 vault sentinels (D:9)
  6 rime drakes
  An unseen horror (D:8)
  2 orange demons
  A yaktaur (Orc:2)
  7 cane toads
  3 kobold demonologists
  4 ice devils
  12 komodo dragons
  2 red devils (Lair:5)
  A hellwing (Lair:5)
  2 polar bears
  A hornet (Swamp:1)
  4 trolls
  3 tyrant leeches (Lair:3)
  9 slime creatures
  11 blink frogs
  A jumping spider (Lair:2)
  A culicivora (Lair:2)
  2 wyverns
  35 yaks
  A spriggan (Swamp:1)
  A shadow (D:9)
  2 wraiths
  3 hogs (Lair:4)
  19 humans
  A redback (shapeshifter) (Elf:1)
  A fire elemental (Elf:1)
  A redback (Lair:2)
  10 vampire mosquitoes
  5 basilisks
  2 acid dragons
  4 wargs
  9 swamp worms
  A large abomination (Orc:2)
  11 water moccasins
  4 hell hounds (Lair:5)
  19 orc warriors
  2 ice beasts
  2 black bears
  3 ogres
  8 wolves
  3 centaurs
  A phantom (D:3)
  An elf zombie (Elf:1)
  5 kobold brigands
  3 necrophages
  13 bullfrogs
  A gnoll sergeant (D:7)
  3 scorpions
  An earth elemental (Orc:2)
  3 wights (D:8)
  A vampire bat (D:7)
  A howler monkey (D:10)
  14 jellies
  A gnoll bouda (D:4)
  4 hounds
  11 orc priests
  4 iguanas
  17 orc wizards
  6 gnolls
  7 adders
  2 shadow imps
  3 white imps
  A worm (D:4)
  4 dart slugs
  35 orcs
  7 endoplasms
  2 giant cockroaches (D:1)
  4 goblins
  5 hobgoblins
  3 jackals (D:2)
  31 kobolds
  10 quokkas
  3 ball pythons
  9 bats
  7 frilled lizards
  5 rats
  A fulminant prism (Lair:4)
563 creatures vanquished.

Vanquished Creatures (collateral kills)
  A deep elf sorcerer (Elf:1)
  A deep elf archer (Elf:1)
  An orc sorcerer (Orc:2)
  A yak (Lair:5)
  A large abomination (Elf:1)
  An acid dragon (D:10)
  2 orc warriors (Orc:2)
  2 ogres (Orc:2)
  A centaur (D:10)
  2 orc priests
  3 orc wizards
  A gnoll (D:5)
  2 orcs
19 creatures vanquished.

Vanquished Creatures (others)
  A centaur warrior (D:14)
  A large abomination (Elf:1)
  A yaktaur (D:14)
  2 dancing weapons
  A vampire mosquito (D:13)
  An ogre (D:5)
  2 centaurs (D:14)
  2 orc priests
  10 foxfires (Swamp:1)
  47 fulminant prisms
  68 fungi
  119 plants
255 creatures vanquished.

Grand Total: 837 creatures vanquished

Notes
Turn   | Place    | Note
-------+----------+-------------------------------------------
     0 | D:1      | promet the Spriggan Conjurer began the quest for the Orb.
     0 | D:1      | Reached XP level 1. HP: 9/9 MP: 5/5
   656 | D:1      | Reached XP level 2. HP: 14/14 MP: 4/6
   659 | D:1      | Learned a level 2 spell: Searing Ray
  1828 | D:2      | Reached XP level 3. HP: 17/17 MP: 5/8
  2030 | D:2      | Learned a level 3 spell: Dazzling Flash
  2171 | D:2      | Reached skill level 3 in Spellcasting
  2178 | D:2      | Reached skill level 1 in Fighting
  2200 | D:2      | Identified the +1 robe of the Sunfish {rElec MP-9 Slay+5}
  2917 | D:3      | Reached XP level 4. HP: 22/22 MP: 5/9
  3000 | D:3      | Noticed a phantom
  3013 | D:3      | Killed a phantom
  3014 | D:3      | Reached skill level 1 in Evocations
  3014 | D:3      | Reached XP level 5. HP: 25/25 MP: 0/11
  3842 | D:3      | Found a faded altar of an unknown god.
  4852 | D:4      | Reached skill level 1 in Staves
  4891 | D:4      | Found a sparkling altar of Nemelex Xobeh.
  4926 | D:4      | Became a worshipper of Nemelex Xobeh the Trickster
  4947 | D:4      | Reached XP level 6. HP: 28/30 MP: 4/12
  5101 | D:4      | Reached skill level 4 in Spellcasting
  6053 | D:4      | Reached XP level 7. HP: 35/35 MP: 6/14
  6326 | D:4      | Found a hazy altar of Hepliaklqana.
  6415 | D:4      | Fell from the grace of Nemelex Xobeh
  6415 | D:4      | Became a worshipper of Hepliaklqana the Forgotten
  6523 | D:4      | Fell from the grace of Hepliaklqana
  6523 | D:4      | Became a worshipper of Nemelex Xobeh the Trickster
  7244 | D:5      | Entered Level 5 of the Dungeon
  7244 | D:5      | Noticed Blork the orc
  7930 | D:5      | Found a bloodstained altar of Trog.
  9780 | D:5      | Found a shadowy altar of Dithmenos.
  9936 | D:6      | Found a stormy altar of Qazlal.
 10179 | D:6      | Found a staircase to the Ecumenical Temple.
 10328 | D:6      | Found an ornate altar of the Wu Jian Council.
 10422 | D:6      | Reached * piety under Nemelex Xobeh
 10758 | D:6      | Found Mepseduge's Assorted Antiques.
 10761 | D:6      | Bought a scroll labelled VOSHAB ICEUR for 19 gold pieces
 10958 | D:7      | Received a gift from Nemelex Xobeh
 11526 | D:7      | Found a burning altar of Makhleb.
 12010 | D:7      | Learned a level 1 spell: Slow
 12038 | D:7      | Found Cevolul's General Store.
 12048 | D:7      | Reached ** piety under Nemelex Xobeh
 12051 | D:7      | Identified a scroll of acquirement
 12051 | D:7      | Acquired the +0 cloak "Xeuqol" {rPois Dex+6}
 12112 | D:7      | Was forgiven by Hepliaklqana
 12828 | D:7      | Bought a +0 sling for 21 gold pieces
 12928 | D:7      | Found a blossoming altar of Fedhas.
 13577 | D:8      | Found a shimmering blue altar of Sif Muna.
 13615 | D:8      | Reached skill level 1 in Short Blades
 13766 | D:8      | Found a staircase to the Lair.
 13766 | D:8      | Noticed a basilisk
 13766 | D:8      | Noticed a basilisk
 13766 | D:8      | Noticed an elephant
 13821 | D:8      | Reached skill level 5 in Stealth
 14176 | D:8      | Reached skill level 5 in Dodging
 14176 | D:8      | Reached skill level 5 in Spellcasting
 14176 | D:8      | Reached XP level 8. HP: 39/39 MP: 8/16
 14635 | D:8      | Reached skill level 1 in Ranged Weapons
 15073 | D:8      | Noticed an unseen horror
 15081 | D:8      | Killed an unseen horror
 15081 | D:8      | Killed an elephant
 15082 | D:8      | Reached skill level 1 in Throwing
 15082 | D:8      | Reached skill level 5 in Conjurations
 15082 | D:8      | Reached XP level 9. HP: 43/43 MP: 16/18
 15531 | D:9      | Noticed a kobold demonologist
 15531 | D:9      | Noticed a kobold demonologist
 15535 | D:9      | Noticed a sixfirhy
 16237 | D:9      | Noticed a troll
 16331 | D:9      | Killed a troll
 16410 | D:9      | Reached skill level 1 in Hexes
 16410 | D:9      | Reached skill level 5 in Evocations
 16562 | D:9      | Found a staircase to the Orcish Mines.
 16639 | D:8      | Reached skill level 6 in Spellcasting
 17539 | D:9      | Noticed a hellwing
 17546 | D:9      | Killed a kobold demonologist
 17688 | D:9      | Learned a level 2 spell: Static Discharge
 17727 | D:9      | Noticed a rust devil
 17730 | D:9      | Reached XP level 10. HP: 36/49 MP: 13/20
 17894 | D:9      | Noticed a vault sentinel
 17894 | D:9      | Noticed a vault sentinel
 17937 | D:9      | Killed a vault sentinel
 18075 | D:9      | Noticed a soul eater
 18287 | D:9      | Received a gift from Nemelex Xobeh
 18292 | D:9      | Found the +18 shield of the Gong {rElec rN+ Will+ EV-5}
 18362 | D:9      | Killed a vault sentinel
 18427 | D:9      | Noticed a soul eater
 18966 | D:9      | Reached skill level 1 in Armour
 19343 | D:9      | Noticed a rust devil
 19346 | D:9      | Noticed a soul eater
 19444 | D:10     | Entered Level 10 of the Dungeon
 19460 | D:10     | Found a flagged portal.
 19527 | D:10     | Noticed a two-headed ogre
 19578 | D:10     | Killed a two-headed ogre
 19749 | D:10     | Noticed Urug
 20112 | D:10     | Noticed Erolcha
 20563 | D:10     | Reached skill level 7 in Spellcasting
 20612 | D:10     | Killed Erolcha
 20876 | D:10     | Received a gift from Nemelex Xobeh
 20953 | D:10     | Reached *** piety under Nemelex Xobeh
 21296 | D:10     | Gained mutation: You occasionally shout uncontrollably at
                  | your foes. [potion of mutation]
 21296 | D:10     | Gained mutation: You have large cloven feet. [potion of
                  | mutation]
 21673 | Lair:1   | Entered Level 1 of the Lair of Beasts
 21701 | Lair:1   | Noticed a cane toad
 22295 | D:8      | Reached XP level 11. HP: 52/52 MP: 20/23
 22988 | D:8      | Reached skill level 5 in Ranged Weapons
 23899 | Lair:1   | Received a gift from Nemelex Xobeh
 24055 | Lair:1   | Noticed an eight-headed hydra
 24056 | Lair:1   | Noticed a bunyip
 24056 | Lair:1   | an eight-headed hydra changed into a bunyip
 24115 | Lair:1   | Killed a bunyip
 24116 | Lair:1   | Reached skill level 8 in Spellcasting
 24998 | Lair:2   | Reached **** piety under Nemelex Xobeh
 25271 | Lair:2   | Received a gift from Nemelex Xobeh
 25783 | Lair:2   | Noticed a wolf spider
 25823 | Lair:2   | Killed a wolf spider
 26780 | Lair:2   | Found a runed translucent door.
 26784 | Lair:2   | Noticed scisormetimb3rs's ghost (journeyman GrFi)
 26993 | Lair:2   | Noticed a five-headed hydra
 27071 | Lair:2   | Killed a five-headed hydra
 27521 | Lair:2   | Found a hole to the Spider Nest.
 27719 | Lair:2   | Noticed a six-headed hydra
 27921 | Lair:2   | Killed a six-headed hydra
 27922 | Lair:2   | Reached skill level 9 in Spellcasting
 28646 | Lair:3   | Received a gift from Nemelex Xobeh
 28708 | Lair:3   | Reached skill level 5 in Hexes
 28717 | Lair:3   | Reached XP level 12. HP: 58/58 MP: 26/26
 28760 | Lair:3   | Reached skill level 5 in Staves
 29075 | Lair:3   | Noticed Amaemon
 29282 | Lair:3   | Acquired the +8 demon trident "Zozoucw" {venom, rF+ Stlth+}
 29363 | Lair:3   | Killed Amaemon
 29549 | Lair:3   | Reached skill level 1 in Polearms
 30162 | Lair:3   | Reached skill level 1 in Air Magic
 31491 | Lair:3   | Learned a level 4 spell: Fulminant Prism
 31496 | Lair:3   | Learned a level 4 spell: Iskenderun's Mystic Blast
 31530 | Lair:3   | Received a gift from Nemelex Xobeh
 31611 | Lair:3   | Found a staircase to the Swamp.
 31618 | Lair:3   | Reached skill level 1 in Translocations
 32757 | Lair:4   | Reached skill level 10 in Spellcasting
 33278 | Lair:4   | Received a gift from Nemelex Xobeh
 33376 | Lair:4   | Noticed Rupert
 33383 | Lair:4   | Killed Rupert
 33678 | Lair:4   | Reached ***** piety under Nemelex Xobeh
 33716 | Lair:4   | Reached XP level 13. HP: 63/63 MP: 26/28
 33953 | Lair:4   | Noticed Kirke
 33959 | Lair:4   | Killed Kirke
 34296 | Lair:5   | Entered Level 5 of the Lair of Beasts
 34911 | Lair:4   | Reached skill level 5 in Translocations
 35431 | Lair:5   | Reached skill level 5 in Polearms
 36332 | Lair:5   | Reached skill level 5 in Fighting
 38140 | Lair:5   | Received a gift from Nemelex Xobeh
 38631 | Lair:5   | Found a staircase to the Slime Pits.
 38767 | Lair:5   | Reached skill level 10 in Dodging
 39349 | Lair:5   | Learned a level 3 spell: Gell's Gravitas
 39353 | Lair:5   | Learned a level 3 spell: Teleport Other
 39464 | Lair:5   | Identified the -1 hand axe of Judgement {vorpal, rF++ rC+
                  | Str-5 SInv}
 40244 | Lair:5   | Reached skill level 11 in Spellcasting
 40320 | Lair:5   | Found a burning altar of Makhleb.
 40546 | Lair:5   | Reached skill level 10 in Stealth
 40891 | Lair:5   | Found a gateway to Hell.
 41328 | Orc:1    | Entered Level 1 of the Orcish Mines
 42234 | Orc:1    | Noticed Harold
 42245 | Orc:1    | Killed Harold
 42619 | Orc:1    | You fall into a shaft and drop 1 floor!
 42619 | Orc:2    | Entered Level 2 of the Orcish Mines
 42637 | Orc:2    | Received a gift from Nemelex Xobeh
 42701 | Orc:2    | Found a staircase to the Elven Halls.
 43177 | Orc:2    | Reached XP level 14. HP: 68/68 MP: 24/30
 43340 | Orc:2    | Found a bloodstained altar of Trog.
 43593 | Orc:2    | Received a gift from Nemelex Xobeh
 44453 | Orc:2    | Noticed an orc warlord
 44510 | Orc:2    | Killed an orc warlord
 44785 | Orc:2    | Found Pegrodao's Book Shop.
 45311 | Orc:2    | Found Peihiqu's Antique Armour Shoppe.
 45319 | Orc:2    | Found Kaaggihi's Jewellery Shoppe.
 45388 | Orc:2    | Found Taokud's Antique Weapon Shoppe.
 45410 | Orc:2    | Bought a book of Weapons for 392 gold pieces
 45418 | Orc:2    | Found Heronod's General Store.
 45660 | Orc:2    | Learned a level 3 spell: Tukima's Dance
 45664 | Orc:2    | Learned a level 3 spell: Portal Projectile
 48097 | D:11     | Found Kahyotwu's Book Boutique.
 48103 | D:11     | Bought a book of Dangerous Friends for 600 gold pieces
 48107 | D:11     | Learned a level 3 spell: Summon Guardian Golem
 48225 | D:12     | Received a gift from Nemelex Xobeh
 48282 | D:12     | Noticed Fannar
 48553 | D:12     | Killed Fannar
 49594 | D:12     | Noticed Snorg
 49664 | D:12     | Killed Snorg
 50007 | D:12     | Reached skill level 5 in Air Magic
 50369 | D:13     | Received a gift from Nemelex Xobeh
 50527 | D:13     | Learned a level 4 spell: Airstrike
 52399 | D:13     | Found a glowing golden altar of the Shining One.
 54731 | D:14     | Reached skill level 12 in Spellcasting
 57306 | D:14     | Reached skill level 1 in Invocations
 57718 | D:14     | Reached XP level 15. HP: 65/73 MP: 25/32
 57777 | D:14     | Found a gate to the Vaults.
 57904 | D:10     | Killed Urug
 58064 | Swamp:1  | Entered Level 1 of the Swamp
 60494 | D:7      | Bought a scroll of enchant armour for 105 gold pieces
 61862 | Swamp:1  | Received a gift from Nemelex Xobeh
 63021 | Swamp:1  | Reached skill level 13 in Spellcasting
 63677 | Swamp:1  | Identified the +7 sling of Wuittowi {venom, rCorr Str+2
                  | Int-5 Stlth+}
 63718 | Swamp:1  | Identified the +1 ring mail "Kyiplasi" {rF+}
 63979 | Elf:1    | Entered Level 1 of the Elven Halls
 63982 | Elf:1    | Reached skill level 1 in Summonings
 64737 | Elf:1    | Noticed a deep elf sorcerer
 65021 | Elf:1    | Killed a deep elf sorcerer
 67433 | Elf:1    | Found Qytear's Book Shop.
 67559 | Elf:1    | Identified the +0 hand axe of Woaz {venom, Will++ Str-3
                  | Int+5}
 69648 | Elf:1    | Killed from afar by a deep elf zephyrmancer

Illustrated notes

Levels and vault maps discovered:
D:1:      enne_arrival_octagon_isle, layout_basic, minmay_pentomino_r2
D:2:      layout_rooms
D:3:      layout_loops_corners, basic_ecumenical_altar, grunt_decor_one_mirror
D:4:      kennysheep_kobold_camp, layout_basic, nzn_hepliaklqana_mist_gate,
          nemelex_dance_club_becter, item_on_display_a
D:5:      layout_loops_ring, grunt_dithmenos_shadows,
          mainiacjoe_overflow_chevrons, minmay_crystal_room, uniq_blork_the_orc
D:6:      layout_basic, nicolae_overflow_crystal_walls, grunt_qazlal_clouds,
          minmay_temple_entry_mini_moons, serial_shops, kennysheep_mini
D:7:      layout_cave_pools, fedhas_altar_4, mainiacjoe_overflow_24_doors,
          serial_shops, shop_fountains, hellmonk_bongcloud_opening,
          roderic_batcave
D:8:      layout_basic, mainiacjoe_overflow_small_starburst, david_lair_generic
D:9:      layout_loops_ring, david_orc_1_choice, st_stairs_8,
          hellmonk_guarded_unrand_gong
D:10:     layout_roguey, enter_bailey_8, minmay_door_square, uniq_psyche,
          uniq_erolcha, uniq_urug
D:11:     layout_rooms, serial_shops, kennysheep_little_box, serial_aquarium,
          aquarium_bridge_square [aquarium_subvault_bridge,
          aquarium_subvault_bridge, aquarium_subvault_wall,
          aquarium_subvault_balcony], aquarium_window_2, aquarium_window_3,
          aquarium_window_2, aquarium_view_2f, aquarium_view_2g,
          aquarium_balcony_double_1, aquarium_pool_1
D:12:     layout_loops_ring, serial_glass, glass_columns_a, glass_columns_c,
          uniq_fannar, uniq_snorg
D:13:     layout_rooms, portal_ice_cave_demonic_guard, corexii_leaking_fountain,
          nicolae_tso_carved_into_rock
D:14:     layout_loops_cross, grunt_vaults_entry_tiered
Lair:1:   layout_cave_pods, infiniplex_staircase_pool_2
Lair:2:   wander_river, layout_gridlike, spider_nest_entry_funnel_web,
          ebering_ghost_inner_flame
Lair:3:   layout_regular_city, minmay_swamp_entry_worms,
          chequers_serial_rivers_small_3, uniq_amaemon
Lair:4:   layout_cellular_growth, kennysheep_catoblepas_arena, uniq_kirke,
          uniq_rupert
Lair:5:   evil_forest, layout_misc_corridors, minmay_slime_entry_jelly_boxes
Swamp:1:  layout_basic_swamp, evilmike_swamp_ruin_rubble_1
Orc:1:    layout_caves, serial_shops, nicolae_shop_hallway_plus,
          nicolae_volcano_entry_lava_flow, uniq_harold
Orc:2:    grunt_orc_cross, layout_diamond_mine, serial_shops, shop, basic_altar
Elf:1:    eino_elf_arrival_shootout, layout_loops_ring, serial_shops, shop,
          minmay_elf_necromancy, grunt_ministairs_14,
          serial_sigils_hangedman_scratch, nrook_loot_triangle, drop_trap

Skill      XL: |  1  2  3  4  5  6  7  8  9 10 11 12 13 14 15 |
---------------+----------------------------------------------+-----
Conjurations   | 3 4 5 6 7 8 |  8.3
Spellcasting   | 3 4 5 6 7 9 10 11 12 13 | 13.6
Fighting       | 1 2 3 4 5 6 |  6.4
Dodging        | 3 5 7 8 9 10 | 10.6
Evocations     | 1 2 3 5 6 7 |  7.0
Staves         | 1 2 3 4 5 |  5.0
Stealth        | 4 5 7 8 9 10 | 10.6
Short Blades   | 1 2 3 |  3.7
Ranged Weapons | 3 4 5 6 8 |  8.4
Throwing       | 1 2 |  2.4
Hexes          | 1 2 5 6 7 8 |  8.2
Armour         | 3 4 |  4.9
Polearms       | 4 6 7 |  7.3
Air Magic      | 1 3 5 6 |  6.5
Translocations | 4 5 7 |  7.8
Invocations    | 1 3 |  3.8
Summonings     | 2 |  2.6
Long Blades    | |  0.4
Axes           | |  0.2

Action                   |  1- 3 |  4- 6 |  7- 9 | 10-12 | 13-15 || total
-------------------------+-------+-------+-------+-------+-------++-------
Melee: Quarterstaff      |    15 |    41 |    30 |     6 |       ||    92
       Short sword       |       |       |   116 |    70 |     3 ||   189
       Staff             |       |       |   107 |   163 |       ||   270
       Flail             |       |       |     5 |       |       ||     5
       Falchion          |       |       |     2 |       |       ||     2
       Punch             |       |       |     1 |     4 |       ||     5
       Kick              |       |       |       |   125 |   165 ||   290
       War axe           |       |       |       |     9 |       ||     9
       Demon trident     |       |       |       |   117 |   504 ||   621
 Fire: Sling             |       |       |     4 |       |       ||     4
       Shortbow          |       |       |    25 |    14 |       ||    39
       Arbalest          |       |       |       |   100 |   289 ||   389
Throw: Dart              |       |       |     7 |     9 |     7 ||    23
       Boomerang         |       |       |       |     5 |    14 ||    19
       Stone             |       |       |       |       |     4 ||     4
 Cast: Magic Dart        |    78 |    81 |   174 |   162 |   143 ||   638
       Searing Ray       |     3 |    11 |    39 |    66 |    87 ||   206
       Dazzling Flash    |       |       |    18 |    37 |    11 ||    66
       Slow              |       |       |     5 |    15 |    13 ||    33
       Static Discharge  |       |       |       |    40 |    66 ||   106
       Fulminant Prism   |       |       |       |     4 |    44 ||    48
       Iskenderun's Myst |       |       |       |     3 |    93 ||    96
       Portal Projectile |       |       |       |       |    72 ||    72
       Summon Guardian G |       |       |       |       |    47 ||    47
       Airstrike         |       |       |       |       |    58 ||    58
       Tukima's Dance    |       |       |       |       |     7 ||     7
       Gell's Gravitas   |       |       |       |       |     4 ||     4
       Teleport Other    |       |       |       |       |     2 ||     2
Invok: Draw Destruction  |       |       |     2 |    23 |    33 ||    58
       Draw Summoning    |       |       |       |     1 |    14 ||    15
       Draw Escape       |       |       |       |       |    14 ||    14
Evoke: Wand              |       |       |     2 |    10 |    13 ||    25
       Piece from Xom's  |       |       |       |     1 |       ||     1
  Use: Scroll            |     5 |     3 |    13 |     8 |     8 ||    37
       Potion            |     2 |     4 |     4 |     7 |     7 ||    24
 Stab: Sleeping          |     1 |     4 |     8 |     3 |     5 ||    21
       Invisible         |       |       |     7 |    14 |     5 ||    26
       Distracted        |       |       |       |     5 |     7 ||    12
Armor: Robe              |     2 |     7 |    44 |       |       ||    53
       Acid dragon scale |       |       |     1 |    79 |   139 ||   219
Dodge: Dodged            |    23 |    43 |   421 |   729 |   739 ||  1955
